 Dungeon Crawl Stone Soup version 0.18-a0-844-g9229740 (webtiles) character file.

22 JokEr the Insei (level 2, 0/19 HPs)
             Began as an Octopode Transmuter on Dec 18, 2015.
             Slain by a quokka (5 damage)
             ... on level 2 of the Dungeon.
             The game lasted 00:01:34 (840 turns).

JokEr the Insei (Octopode Transmuter)                Turns: 840, Time: 00:01:35

Health: 0/19       AC:  1    Str:  9    XL:     2   Next: 91%
Magic:  4/5        EV: 12    Int: 15    God:
Gold:   71         SH:  0    Dex: 12    Spells: 1 memorised, 4 levels left

rFire  . . .     SeeInvis .       - Unarmed
rCold  . . .     Gourm    .     (no shield)
rNeg   . . .     Faith    .     (helmet restricted)
rPois  .         Spirit   .     (no amulet)
rElec  .         Dismiss  .     (no ring)
rCorr  .         Reflect  .     (no ring)
SustAt .         Harm     .     (no ring)
MR     .....                    (no ring)
Stlth  ++........               (no ring)
                                (no ring)
                                (no ring)
                                (no ring)

@: appendage (expiring), very slightly contaminated, not resistant to hostile
enchantments, unstealthy
A: almost no armour, amphibious, 8 rings, constrict 8, tentacle spike 3,
camouflage 1, gelatinous body 1
a: End Transformation


You were on level 2 of the Dungeon.
You were not hungry.
One of your tentacles had a temporary spike.
You visited 1 branch of the dungeon, and saw 2 of its levels.

You collected 71 gold pieces.

Inventory:

Missiles
 a - 29 arrows
 e - 13 arrows of frost
Jewellery
 g - an uncursed amulet of faith
Potions
 d - a potion of cancellation {unknown}
 h - a potion of mutation {unknown}
Books
 b - a book of Changes

   Spells                             Type                      Level
   a - Beastly Appendage              Transmutation                1
   b - Sticks to Snakes               Transmutation                2
   c - Spider Form                    Transmutation/Poison         3
   d - Ice Form                       Ice/Transmutation            4
   e - Blade Hands                    Transmutation                5
Comestibles
 c - a bread ration
 f - a beef jerky


   Skills:
 + Level 1.8 Fighting
 - Level 2.0 Dodging
 + Level 3.5 Unarmed Combat
 - Level 2.0 Spellcasting
 + Level 2.2 Transmutations


You had 4 spell levels left.
You knew the following spells:

 Your Spells              Type           Power        Failure   Level  Hunger
a - Beastly Appendage     Trmt           #.....       12%         1    #......


Dungeon Overview and Level Annotations

Branches:
Dungeon (2/15)

Altars:


Innate Abilities, Weirdness & Mutations

You cannot wear most types of armour.
You are amphibious.
You can wear up to eight rings at the same time.
You can use your tentacles to constrict eight enemies at once.
Your skin changes colour to match your surroundings (Stealth).
Your rubbery body absorbs attacks (AC +1).
One of your tentacles bears a large vicious spike.


Message History

One of your tentacles grows a vicious spike.
Your transformation is almost over.
A quokka comes into view.
The quokka barely misses you.
You miss the giant gecko. Your grab misses the giant gecko.
The quokka closely misses you. The giant gecko bites you.
You closely miss the giant gecko. You grab the giant gecko.
You pierce the giant gecko.
The giant gecko is heavily wounded.
You constrict the giant gecko. The quokka closely misses you.
The giant gecko bites you.
You tentacle-slap the giant gecko but do no damage.
The giant gecko is severely wounded.
You constrict the giant gecko. The giant gecko bites you. The quokka bites you.
* * * LOW HITPOINT WARNING * * *
You are too injured to fight recklessly!
You barely miss the giant gecko. You tentacle-slap the giant gecko.
You kill the giant gecko!
The quokka bites you.
You die...

#...# #...#
#..<##
#(...######
######..........
...........#####
#######(##.#
#.##.# #.##@#
#....r.#
####.#.# ......
### ###


You could see a quokka.

Vanquished Creatures
  A giant gecko (D:2)
  A ball python (D:1)
  A giant cockroach (D:1)
  5 hobgoblins (D:1)
  6 kobolds (D:1)
  A giant newt (D:1)
  2 goblins (D:1)
  3 rats
20 creatures vanquished.

Notes
Turn   | Place    | Note
--------------------------------------------------------------
     0 | D:1      | JokEr the Octopode Transmuter began the quest for the Orb.
     0 | D:1      | Reached XP level 1. HP: 13/13 MP: 3/3
   272 | D:1      | Reached XP level 2. HP: 6/18 MP: 3/5
   840 | D:2      | Slain by a quokka

Vault maps used:
D:1:      mrwooster_arrival_statue
D:2:      nicolae_overflow_hidden_temple, ecumenical_altar_2

Action                   || total
-------------------------++-------
Melee: Unarmed           ||    36
 Cast: Beastly Appendage ||    15
  Use: Scroll            ||     2
 Stab: Sleeping          ||     4
